 Dungeon Crawl Stone Soup version 0.31-a0-859-g9dce7d3444 (webtiles) character file.

Game seed: 7344822476663627815

451 DocEon the Spear-Bearer (level 7, -1/57 HPs)
             Began as a Hill Orc Fighter on Oct 9, 2023.
             Splashed by a jelly's acid (8 damage)
             ... on level 4 of the Dungeon.
             The game lasted 00:04:13 (2848 turns).

DocEon the Spear-Bearer (Hill Orc Fighter)          Turns: 2848, Time: 00:04:13

Health: -1/57      AC:  1    Str: 21    XL:     7   Next: 4%
Magic:  7/7        EV:  9    Int: 14    God:
Gold:   12         SH:  4    Dex: 10    Spells: 6/6 levels left

rFire   . . .        p - +3 trident (freeze)
rCold   . . .        c - +0 buckler
rNeg    + . .        j - +3 scale mail "Sitaso Roe" {-Cast Rampage rN+ Will+}
rPois   .            (no helmet)
rElec   .            (no cloak)
rCorr   .            (no gloves)
SInv    .            (no boots)
Will    +....        l - amulet of magic regeneration Stlth
                     m - +4 ring of protection
HPRegen 0.29/turn    a - +6 ring of intelligence
MPRegen 0.50/turn

%: no spellcasting, rampage
@: corroded
A: no striking features
a: no special abilities


You were on level 4 of the Dungeon.
You visited 1 branch of the dungeon, and saw 4 of its levels.

You collected 237 gold pieces.
You spent 225 gold pieces at shops.

Inventory:

Hand Weapons
 p - a +3 trident of freezing (weapon)
Armour
 c - a +0 buckler (worn)
 e - a +1 chain mail
 j - the +3 scale mail "Sitaso Roe" (worn) {-Cast Rampage rN+ Will+}
   (You bought it in a shop on level 2 of the Dungeon)

   rN+:       It protects you from negative energy.
   Will+:     It increases your willpower.
   -Cast:     It prevents spellcasting.
   Rampage:   It bestows one free step when moving towards enemies.
Jewellery
 a - a +6 ring of intelligence (right hand)
 l - an amulet of magic regeneration (around neck)
 m - a +4 ring of protection (left hand)
Wands
 o - a wand of flame (22)
Scrolls
 b - 3 scrolls of enchant armour
 f - a scroll of teleportation
Potions
 d - a potion of might
 g - a potion of heal wounds {unknown}
 h - 3 potions of curing
 i - a potion of degeneration {unknown}


   Skills:
 - Level 3.6 Fighting
 * Level 8.1 Polearms
 - Level 3.2 Armour
 - Level 3.2 Shields


You had 6 spell levels left.
You didn't know any spells.
Your spell library contained the following spells:

 Spells                   Type           Power      Damage    Failure   Level
 Foxfire                  Conj/Fire      0%         2x1d4     67%         1
 Sublimation of Blood     Necr           0%         N/A       82%         2
 Wereblood                Tmut           0%         N/A       82%         2
 Summon Guardian Golem    Hex/Summ       0%         N/A       96%         3
 Plasma Beam              Fire/Air       0%         2x1d10    100%        6
 Starburst                Conj/Fire      0%         6d3       100%        6
 Orb of Destruction       Conj           0%         9d5       100%        7
 Spellforged Servitor     Conj/Summ      0%         N/A       100%        7
 Summon Hydra             Summ           0%         N/A       100%        7


Dungeon Overview and Level Annotations

Branches:
Dungeon (4/15)
 Temple: D:4-7

Altars:
Qazlal
Xom

Shops:
D:2 *


Message History

A jelly comes into view.
Found a stone staircase leading up.
The jelly quivers.
You rampage towards the jelly!
The jelly hits you. The acid corrodes you!
You are splashed with acid!
You hit the jelly. You freeze the jelly. The acid corrodes you!
Your hands burn!
The jelly is lightly wounded.
The jelly hits you but does no damage.
You hit the jelly but do no damage.
Your hands burn!
The jelly is lightly wounded.
The jelly hits you but does no damage.
You barely miss the jelly.
The jelly is lightly wounded.
The jelly barely misses you.
You hit the jelly but do no damage.
Your hands burn!
The jelly is lightly wounded.
The jelly hits you.
You are splashed with acid!
You hit the jelly. You freeze the jelly.
Your hands burn!
The jelly is moderately wounded.
The jelly barely misses you.
You hit the jelly. You freeze the jelly. The acid corrodes you!
Your hands burn!
The jelly is heavily wounded.
The jelly hits you.
You are splashed with acid!
* * * LOW HITPOINT WARNING * * *
You are too injured to fight recklessly!
You hit the jelly. You freeze the jelly.
Your hands burn!
* * * LOW HITPOINT WARNING * * *
The jelly is severely wounded.
Okay, then.
Aiming: Throw Flame
Press: ? - help, Shift-Dir - straight line, f - jelly
Aim: a jelly (severely wounded, 100% to hit)
The puff of flame hits the jelly.
The jelly is almost dead.
The jelly hits you.
* * * LOW HITPOINT WARNING * * *
You are splashed with acid!
You die...

#.......... #.
#.......#...###(
#....>..#.....†.
#.......#.#..#..
#..###### ##....
#.## #..#.
######.### #....
#...<....#
#..#..
#...@..?.#
...##..
#..J...?.# .##
##. #...........
#. #........###
#........#
#........#
#........#
###..#.### #


You could see a jelly.

Vanquished Creatures
  An ogre (D:4)
  A scorpion (D:3)
  2 hounds (D:4)
  Jessica (D:3)
  Natasha (thrice) (D:3)
  Terence (D:2)
  3 adders
  3 gnolls (D:2)
  A worm (D:2)
  A dart slug (D:3)
  7 orcs
  4 endoplasms
  3 giant cockroaches
  3 goblins
  4 hobgoblins
  7 kobolds
  2 quokkas (D:1)
  5 ball pythons
  8 bats
  2 frilled lizards (D:2)
  2 rats
64 creatures vanquished.

Vanquished Creatures (others)
  An adder (D:3)
  A hobgoblin (D:3)
  A kobold (D:3)
3 creatures vanquished.

Grand Total: 67 creatures vanquished

Notes
Turn   | Place    | Note
-------+----------+-------------------------------------------
     0 | D:1      | DocEon the Hill Orc Fighter began the quest for the Orb.
     0 | D:1      | Reached XP level 1. HP: 19/19 MP: 1/1
   163 | D:1      | Reached skill level 3 in Polearms
   163 | D:1      | Reached XP level 2. HP: 26/26 MP: 2/2
   700 | D:2      | Found Isiar's Assorted Antiques.
   752 | D:2      | Reached skill level 4 in Polearms
   752 | D:2      | Reached XP level 3. HP: 25/31 MP: 3/3
   865 | D:2      | Noticed Terence
   878 | D:2      | Found a faded altar of an unknown god.
   945 | D:2      | Reached XP level 4. HP: 39/39 MP: 4/4
  1094 | D:2      | Killed Terence
  1095 | D:2      | Reached skill level 5 in Polearms
  1390 | D:3      | Noticed Natasha
  1403 | D:3      | Killed Natasha
  1404 | D:3      | Reached XP level 5. HP: 39/45 MP: 5/5
  1655 | D:3      | Found a shimmering altar of Xom.
  1686 | D:3      | Noticed Natasha
  1693 | D:3      | Killed Natasha
  1694 | D:3      | Reached skill level 6 in Polearms
  1770 | D:3      | Noticed Natasha
  1774 | D:3      | Killed Natasha
  1876 | D:3      | Noticed Jessica
  1886 | D:3      | Reached XP level 6. HP: 30/51 MP: 6/6
  1892 | D:3      | Killed Jessica
  1893 | D:3      | Reached skill level 7 in Polearms
  2503 | D:4      | Found a stormy altar of Qazlal.
  2621 | D:4      | Reached skill level 8 in Polearms
  2621 | D:4      | Reached XP level 7. HP: 57/57 MP: 7/7
  2714 | D:2      | Bought a heavily runed scale mail for 225 gold pieces
  2714 | D:2      | Identified the +3 scale mail "Sitaso Roe" {-Cast Rampage
                  | rN+ Will+} (You bought it in a shop on level 2 of the
                  | Dungeon)
  2848 | D:4      | Splashed by a jelly's acid

Illustrated notes

Levels and vault maps discovered:
D:1:      lemuel_arrival_hallway, layout_basic
D:2:      layout_rooms, serial_shops, shop, ebering_ecumenical_altar_ruins,
          uniq_terence
D:3:      layout_basic, xom_confusion_cloud, uniq_jessica, uniq_natasha
D:4:      layout_rooms, nicolae_qazlal_general_emergency

Skill      XL: |  1  2  3  4  5  6 |
---------------+-------------------+-----
Polearms       | 3 4 5 6 8 |  8.1
Fighting       | |  3.6
Armour         | |  3.2
Shields        | |  3.2

Action                     |  1- 3 |  4- 6 |  7- 9 || total
---------------------------+-------+-------+-------++-------
  Melee: Trident           |    67 |   108 |    11 ||   186
         Spear             |    14 |    23 |       ||    37
  Evoke: Wand              |       |       |     1 ||     1
    Use: Scroll            |       |     7 |       ||     7
 Armour: Scale mail        |     9 |       |     7 ||    16
         Chain mail        |    48 |    71 |       ||   119
  Dodge: Dodged            |    23 |    30 |     3 ||    56
  Block: Buckler           |    22 |    15 |     1 ||    38

Table legend: (Time is in decaauts)
 A = Elapsed time spent in this place.
 B = Non-inter-level travel time spent in this place.
 C = Inter-level travel time spent in this place.
 D = Time resting spent in this place.
 E = Time spent auto-exploring this place.
 F = Levels seen in this place.
 G = Mean time per level.
                   A        B        C        D        E       F      G
               +--------+--------+--------+--------+--------+-----+--------+
         Total |   2858 |   2693 |    165 |    321 |   1825 |   4 |  714.5 |
       Dungeon |   2858 |   2693 |    165 |    321 |   1825 |   4 |  714.5 |
               +--------+--------+--------+--------+--------+-----+--------+

Top non-repeatable levels by time:
     D:3: 977 daAuts
     D:2: 785 daAuts
     D:1: 747 daAuts
     D:4: 348 daAuts
